 Dungeon Crawl Stone Soup version 0.23.2-40-g277498a001 (webtiles) character file.

Game seed: 9959674336579371527

326 Marnok the Slasher (level 6, -2/51 HPs)
             Began as a Demigod Fighter on Oct 5, 2019.
             Slain by a slave (7 damage)
             ... led by Pikel
             ... on level 4 of the Dungeon.
             The game lasted 00:10:49 (3127 turns).

Marnok the Slasher (Demigod Fighter)                Turns: 3127, Time: 00:10:49

Health: -2/51      AC: 11    Str: 23    XL:     6   Next: 3%
Magic:  8/8        EV:  8    Int: 12    God:
Gold:   106        SH: 10    Dex: 15    Spells: 5/5 levels left

rFire    . . .     SeeInvis +   a - +0 long sword
rCold    . . .     Gourm    .   c - +0 shield
rNeg     . . .     Faith    .   b - +0 scale mail
rPois    .         Spirit   .   d - +0 hat
rElec    .         Reflect  .   m - +0 cloak
rCorr    .         Harm     +   h - +0 pair of gloves
MR       .....                  (no boots)
Stlth    +.........             o - amulet of harm
HPRegen  0.17/turn              k - ring of see invisible
MPRegen  0.11/turn              n - ring of stealth

@: no status effects
A: icy blue scales 1, high mp 1, mutation resistance 1
a: no special abilities


You were on level 4 of the Dungeon.
You were hungry.

You visited 1 branch of the dungeon, and saw 5 of its levels.

You collected 106 gold pieces.

Inventory:

Hand Weapons
 a - a +0 long sword (weapon)
Armour
 b - a +0 scale mail (worn)
 c - a +0 shield (worn)
 d - a +0 hat (worn)
 h - a +0 pair of gloves (worn)
 m - a +0 cloak (worn)
Jewellery
 k - a ring of see invisible (left hand)
 l - a +3 ring of dexterity
 n - a ring of stealth (right hand)
 o - an amulet of harm (around neck)
Scrolls
 i - 3 scrolls of remove curse
 j - 2 scrolls of teleportation
Potions
 q - a potion of mutation
 r - 2 potions of magic
Comestibles
 f - 7 rations


   Skills:
 + Level 3.2 Fighting
 + Level 4.0 Long Blades
 + Level 3.3 Armour
 + Level 1.5 Dodging
 + Level 0.7 Stealth
 + Level 3.8 Shields


You had 5 spell levels left.
You didn't know any spells.
Your spell library was empty.

Dungeon Overview and Level Annotations

Branches:
Dungeon (5/15)
 Temple: D:4-7

Annotations:
D:4 Pikel


Innate Abilities, Weirdness & Mutations

You have an increased reservoir of magic. (+10% MP)
You are partially covered in icy blue scales. (AC +2)
You are somewhat resistant to further mutation.


Message History

Pikel hits you with a +1 whip of flaming.
Pikel burns you. The worm bites you.
You closely miss Pikel.
Pikel is severely wounded.
The slave barely misses you. You block the slave's attack. The slave hits you.
You block Pikel's attack. You block the slave's attack. The slave hits you.
You hit Pikel.
Pikel is almost dead.
The slave hits you!
* * * LOW HITPOINT WARNING * * *
You block Pikel's attack. You block the worm's attack.
The slave closely misses you. The slave hits you!
* * * LOW HITPOINT WARNING * * *
The slave hits you but does no damage.
You feel better. You block Pikel's attack. The slave closely misses you.
The orc wizard mumbles some strange words.
The orc wizard blinks!
You block the slave's attack. The worm bites you.
* * * LOW HITPOINT WARNING * * *
The slave hits you.
You die...

##.#_.....#...###....
####..###..###..........
#.....#....._#.........#
####.....##8..8##.......#
###.###...####..###.....###
##..## ##..# #.###.....##
....# #..# #.....ยง...#
....### #..######p..###..#
......###....###@Kp## #..#
...............wpp## #..#
.........#####...## #..#
........## ##..### #..
......### #<...# .....##
##.....# ....## ........
....# ..##.... .....# .##
####


You could see Pikel, 4 slaves and a worm.

Vanquished Creatures
  An ogre (D:4)
  2 hounds (D:4)
  An orc wizard (D:3)
  4 adders (D:2)
  3 gnolls
  3 worms
  A dart slug (D:1)
  7 orcs
  3 ball pythons
  5 bats
  4 giant cockroaches
  9 goblins
  3 hobgoblins
  2 jackals (D:2)
  A quokka (D:2)
  2 frilled lizards
  3 kobolds
  9 rats
63 creatures vanquished.

Vanquished Creatures (others)
  An orc wizard (D:3)
1 creature vanquished.

Grand Total: 64 creatures vanquished

Notes
Turn   | Place    | Note
-------+----------+-------------------------------------------
     0 | D:1      | Marnok the Demigod Fighter began the quest for the Orb.
     0 | D:1      | Reached XP level 1. HP: 18/18 MP: 3/3
   155 | D:2      | Reached XP level 2. HP: 21/25 MP: 4/4
   858 | D:1      | Reached skill level 2 in Long Blades
  1162 | D:2      | Reached XP level 3. HP: 29/31 MP: 5/5
  1499 | D:1      | Gained mutation: You are partially covered in icy blue
                  | scales. (AC +2) [potion of mutation]
  1499 | D:1      | Gained mutation: You are somewhat resistant to further
                  | mutation. [potion of mutation]
  1543 | D:2      | Reached XP level 4. HP: 23/38 MP: 6/6
  1914 | D:5      | Entered Level 5 of the Dungeon
  1925 | D:4      | Reached skill level 1 in Dodging
  1938 | D:4      | Reached skill level 3 in Long Blades
  1938 | D:4      | Reached XP level 5. HP: 26/45 MP: 7/7
  2303 | D:4      | Noticed an ogre
  2334 | D:4      | Killed an ogre
  2427 | D:4      | Found a shimmering altar of Xom.
  2478 | D:4      | Found a hide-covered altar of Uskayaw.
  2482 | D:4      | Found a burning altar of Makhleb.
  2483 | D:4      | Found a glowing golden altar of the Shining One.
  2483 | D:4      | Found a radiant altar of Vehumet.
  2483 | D:4      | Found an ornate altar of the Wu Jian Council.
  2484 | D:4      | Found a snail-covered altar of Cheibriados.
  2485 | D:4      | Found a blossoming altar of Fedhas.
  2486 | D:4      | Found a shattered altar of Ashenzari.
  2487 | D:4      | Found a white marble altar of Elyvilon.
  2504 | D:4      | Noticed Pikel
  2504 | D:4      | Noticed a slave
  2504 | D:4      | Noticed a slave
  2505 | D:4      | Noticed a slave
  2521 | D:3      | Reached skill level 4 in Long Blades
  2567 | D:3      | Reached XP level 6. HP: 43/51 MP: 8/8
  2708 | D:3      | Found a sacrificial altar of Ru.
  3126 | D:4      | HP: 1/51 [slave[Pikel] (9)]
  3127 | D:4      | Slain by a slave

Skill      XL: |  1  2  3  4  5 |
---------------+----------------+-----
Shields        | 3 |  3.8
Fighting       | 3 |  3.2
Long Blades    | 2 3 4 |  4.0
Armour         | 3 |  3.3
Dodging        | 1 |  1.5
Stealth        | |  0.7

Action                   |  1- 3 |  4- 6 || total
-------------------------+-------+-------++-------
Melee: Long sword        |    98 |   127 ||   225
  Use: Potion            |     5 |     2 ||     7
       Scroll            |     2 |     5 ||     7
  Eat: Chunk             |     2 |     5 ||     7
Armor: Scale mail        |    59 |    71 ||   130
Dodge: Dodged            |    30 |    48 ||    78
Block: Shield            |    70 |    85 ||   155
       Rpst.: Long sword |     7 |    13 ||    20
